Map: New Repugnancy LE

Players

Smeeeger - Winner!

  • Race: Zerg Zerg
  • League: Platinum
  • Spawn Location: 7:00

Garcea

  • Race: Zerg Zerg
  • League: Platinum
  • Spawn Location: 1:00

VOD

Have the link to the VOD?

Description

Time

  • Played on: July 26, 2019, 8:30 a.m.
  • Length: 10:51
Show
View Real Time Build Order
Export as new Build Order

Smeeeger Zerg - Winner!

Build Orders: Hatch First 

Get SALT Encoding   

  12  0:01  Drone  
  13  0:19  Overlord  
  13  0:20  Drone  
  14  0:37  Drone  
  14  0:38  Drone  
  14  0:41  Drone  
  17  0:53  Drone  
  18  1:02  Hatchery  
  17  1:07  Drone, Extractor  
  17  1:26  Spawning Pool  
  17  1:27  Drone  
  17  1:28  Drone  
  18  1:35  Drone  
  19  1:46  Overlord  
  19  2:14  Queen x2  
  24  2:15  Zergling x4  
  24  2:16  Zergling x2  
  24  2:20  Metabolic Boost  
  26  2:24  Drone  
  26  2:27  Drone  
  28  2:31  Drone  
  29  2:46  Drone  
  29  2:47  Overlord  
  29  2:48  Drone  
  29  2:49  Queen  
  29  2:50  Queen  
  35  2:55  Drone  
  35  2:58  Overlord  
  36  3:05  Drone  
  37  3:09  Drone  
  38  3:16  Drone  
  39  3:20  Overlord  
  39  3:22  Drone x3  
  39  3:25  Queen  
  44  3:33  Drone x3, Overlord  
  47  3:49  Drone x2, Extractor  
  48  4:01  Queen  
  50  4:18  Roach Warren, Evolution Chamber  
  50  4:20  Evolution Chamber  
  47  4:31  Spine Crawler x2  
  46  4:32  Drone x2  
  46  4:33  Drone x5  
  46  4:37  Queen  
  46  4:38  Drone x3  
  54  4:44  Drone  
  56  4:55  Overlord  
  56  4:58  Lair  
  56  5:00  Roach x2  
  56  5:03  Hatchery  
  59  5:15  Extractor  
  59  5:16  Queen  
  59  5:19  Roach  
  62  5:29  Drone x2  
  62  5:35  Roach x3  
  70  5:36  Overlord x3  
  70  5:51  Spore Crawler  
  70  5:52  Drone  
  70  5:53  Spore Crawler, Drone  
  70  5:56  Queen  
  72  6:00  Glial Reconstitution  
  72  6:03  Zerg Missile Weapons Level 1  
  72  6:19  Hatchery, Roach x5  
  72  6:22  Hatchery  
  72  6:25  Queen  
  80  6:26  Drone, Queen  
  80  6:27  Drone  
  80  6:28  Drone x4  
  80  6:30  Drone  
  80  6:31  Drone  
  92  6:37  Roach x2  
  92  6:39  Roach  
  98  6:52  Drone x2  
  98  6:53  Drone x2  
  98  6:54  Overlord x2  
  102  6:55  Overseer  
  102  7:02  Roach  
  102  7:03  Roach  
  102  7:06  Overlord x2  
  106  7:13  Roach x3  
  112  7:26  Pneumatized Carapace  
  112  7:30  Roach  
  112  7:31  Roach x8  
  112  7:34  Drone x2  
  132  7:42  Overlord x3  
  132  7:52  Drone x3  
  132  7:53  Drone  
  132  7:56  Drone x2  
  140  8:13  Roach x6  
  140  8:14  Roach x5  
  140  8:15  Roach x3  
  166  8:26  Overlord  
  166  8:27  Overlord x3  
  159  8:49  Queen x5  
  147  9:14  Spore Crawler  
  147  9:16  Spore Crawler  
  147  9:17  Extractor  
  136  9:18  Spore Crawler x2  
  136  9:20  Spore Crawler  
  136  9:23  Spore Crawler x2  
  121  9:24  Extractor  
  121  9:26  Drone x3  
  121  9:27  Drone x3, Extractor  
Show
View Real Time Build Order
Export as new Build Order

Garcea Zerg 

Build Orders: Pool First, Zergling Baneling 

Get SALT Encoding   

  12  0:01  Drone  
  13  0:13  Overlord  
  13  0:19  Drone  
  14  0:32  Drone x2  
  16  0:38  Drone  
  17  0:56  Drone  
  18  1:00  Drone, Spawning Pool, Extractor  
  17  1:35  Drone x2, Overlord  
  19  1:47  Hatchery  
  19  1:48  Zergling x2  
  19  2:02  Zergling x2  
  20  2:08  Queen  
  20  2:10  Drone  
  20  2:15  Metabolic Boost  
  23  2:21  Drone  
  24  2:38  Zergling x2  
  24  2:40  Drone  
  24  2:41  Baneling Nest  
  25  2:53  Zergling x2  
  26  3:00  Queen  
  26  3:01  Drone  
  29  3:06  Queen  
  29  3:08  Zergling x2  
  29  3:10  Overlord  
  32  3:21  Zergling x2  
  32  3:22  Zergling x6  
  32  3:23  Overlord  
  36  3:35  Zergling x4  
  36  3:40  Zergling x2  
  39  3:45  Baneling x6  
  39  3:46  Baneling x2  
  39  3:48  Zergling x2  
  40  3:53  Drone x3  
  43  4:15  Zergling x8  
  43  4:16  Zergling x2  
  47  4:23  Lair  
  35  4:50  Drone x6  
  35  4:51  Drone x3  
  44  5:03  Evolution Chamber x2  
  44  5:06  Baneling x3  
  42  5:07  Baneling, Roach Warren  
  41  5:26  Drone  
  41  5:28  Extractor  
  41  5:29  Extractor  
  40  5:50  Drone  
  40  5:51  Drone x3  
  40  5:52  Drone  
  40  5:53  Drone x2  
  47  6:08  Spire  
  46  6:11  Extractor  
  46  6:18  Zergling x14  
  48  6:19  Overlord x2  
  48  6:20  Overlord x2  
  52  6:37  Queen  
  54  7:02  Hydralisk Den  
  53  7:11  Overlord  
  53  7:16  Drone x6  
  59  7:50  Mutalisk  
  59  7:51  Mutalisk x7  
  75  8:01  Lurker Den  
  75  8:05  Overlord x2  
  74  8:16  Zergling x4  
  76  8:20  Hatchery  
  76  8:21  Overlord x2  
  75  8:28  Hydralisk x2  
  75  8:30  Roach  
  75  8:31  Roach x3  
  87  8:37  Spine Crawler  
  87  8:38  Spine Crawler x2  
  80  8:46  Mutalisk  
  80  8:47  Mutalisk x2  
  68  9:02  Mutalisk  
  68  9:03  Mutalisk  
  68  9:05  Zergling x8  
  54  9:23  Mutalisk  
  54  9:24  Zergling x6  
  55  9:39  Hydralisk  
  42  10:06  Lurker  
  33  10:13  Zergling x2  
  28  10:14  Zergling x8  
Tags
 
Add a new tag
Caveats
  • Supply blocks, unpowered buildings, or Contaminate may cause inaccurate times.
  • Supply counts are checked every 10 seconds.